 Dungeon Crawl Stone Soup version 0.29-a0-451-gfbfa42419e (webtiles) character file.

Game seed: 17993914610536895124

35014 jimonade the Thaumaturge (level 14, -1/103 HPs)
             Began as a Djinni Fire Elementalist on May 19, 2022.
             Was an Elder of Makhleb.
             Killed by an exploding large abomination (3 damage)
             ... ignited by their inner flame
             ... on level 6 of the Lair of Beasts on May 20, 2022.
             The game lasted 01:21:57 (23055 turns).

jimonade the Thaumaturge (DjFE)                    Turns: 23055, Time: 01:21:57

Health: -1/103     AC: 16    Str: 11    XL:     14   Next: 16%
Gold:   1120       EV: 16    Int: 22    God:    Makhleb [****..] SH:  0 Dex: 16

rFire   + + +      SeeInvis .   A - staff of fire
rCold   x . .      Faith    .   (no shield)
rNeg    . . .      Spirit   .   h - +5 ring mail "Ecuak" {rElec rF+}
rPois   ∞          Reflect  .   X - +0 helmet
rElec   +          Harm     .   w - +2 cloak
rCorr   .          Rampage  .   (no gloves)
Will    +....                   (boots unavailable)
Stlth   +.........              N - amulet of the acrobat
HPRegen 0.27/turn               a - +6 ring of intelligence
MPRegen 0.00/turn               S - +4 ring of evasion

@: flying, hasted, very quick
A: sickness immunity, fire resistance 2, cold vulnerability 1, float, innate
caster, HP casting, extra vitality 1
a: Renounce Religion, Minor Destruction, Lesser Servant of Makhleb, Major
Destruction


You were on level 6 of the Lair of Beasts.
You worshipped Makhleb.
Makhleb was greatly pleased with you.
You visited 3 branches of the dungeon, and saw 16 of its levels.
You also visited: Volcano.

You collected 1120 gold pieces.

Inventory:

Hand Weapons
 d - a +4 scimitar of flaming
 f - a +2 whip of electrocution
 n - a +3 scimitar
 G - a +2 dagger of draining
 J - a +3 glaive of venom
Missiles
 y - 46 poisoned darts
 E - 6 curare-tipped darts
 O - a throwing net
 R - 5 atropa-tipped darts
Armour
 h - the +5 ring mail "Ecuak" (worn) {rElec rF+}
   (You found it on level 4 of the Lair of Beasts)

   rF:        It protects you from fire.
   rElec:     It insulates you from electricity.
 m - a +3 ring mail of willpower
 w - a +2 cloak (worn)
 X - a +0 helmet (worn)
Magical Staves
 A - a staff of fire (weapon)
Jewellery
 a - a +6 ring of intelligence (left hand)
 b - an amulet of faith
 o - a ring of protection from fire
 q - a ring of resist corrosion
 B - an amulet of reflection
 L - a +6 ring of intelligence
 N - an amulet of the acrobat (around neck)
 S - a +4 ring of evasion (right hand)
Wands
 j - a wand of charming (4)
 k - a wand of polymorph (13)
 x - a wand of mindburst (28)
 F - a wand of acid (2)
 H - a wand of iceblast (9)
 Q - a wand of digging (8)
 W - a wand of paralysis (6)
Scrolls
 c - 5 scrolls of teleportation
 e - 2 scrolls of fear
 g - 5 scrolls of enchant weapon
 i - a scroll of silence
 p - 5 scrolls of fog
 s - 3 scrolls of brand weapon
 z - 3 scrolls of poison
 C - 5 scrolls of immolation
 T - 4 scrolls of blinking
 U - a scroll of magic mapping
 V - a scroll of identify
 Y - 2 scrolls of enchant armour
Potions
 l - 3 potions of mutation
 r - a potion of might
 t - 4 potions of lignification
 u - 3 potions of curing
 v - a potion of resistance
 D - a potion of brilliance
 I - a potion of berserk rage
 M - 2 potions of cancellation
 Z - 2 potions of ambrosia


   Skills:
 * Level 10.8 Fighting
 + Level 7.8 Armour
 + Level 4.1 Dodging
 - Level 1.5 Stealth
 + Level 0.6 Shields
 + Level 14.8 Spellcasting


You had 10 spell levels left.
You knew the following spells:

 Your Spells              Type           Power      Damage    Failure   Level
a - Foxfire               Conj/Fire      100%       2x1d9     1%          1
b - Scorch                Fire           100%       2d10      1%          2
c - Conjure Flame         Conj/Fire      89%        6-21      1%          3
d - Inner Flame           Hex/Fire       89%        N/A       1%          3
e - Flame Wave            Conj/Fire      89%        2d15      1%          4
f - Summon Small Mammal   Summ           100%       N/A       1%          1
g - Wereblood             Tmut           69%        N/A       1%          2
h - Lesser Beckoning      Tloc           69%        N/A       1%          3
i - Dispel Undead         Necr           69%        3d23      1%          4
j - Animate Armour        Summ/Erth      100%       N/A       1%          4
k - Iskenderun's Battles  Conj           69%        2d12      1%          5
Your spell library was empty.

Dungeon Overview and Level Annotations

Branches:
Dungeon (9/15)             Temple (1/1) D:7            Lair (6/6) D:8
 Shoals (0/4) Lair:3       Spider (0/4) Lair:4        Slime (0/5) Lair:5
Volcano (visited)
    Orc: D:9-12

Altars:
Ashenzari
Cheibriados
Elyvilon
Fedhas
Gozag
Hepliaklqana
Kikubaaqudgha
Makhleb
Okawaru
Qazlal
Ru
Sif Muna
Trog
Uskayaw
Vehumet
Wu Jian
Xom
Yredelemnul
Zin
The Shining One

Shops:
D:1 ((

Annotations:
D:3 2 runed translucent doors
D:5 1 runed translucent door, DocClef's ghost, amateur GnDe
Lair:3 2 transporters, Zazuam's ghost, journeyman DsMo


Innate Abilities, Weirdness & Mutations

You are immune to sickness and miasma.
You are immune to poison.
Your flesh is very heat resistant. (rF++)
You are vulnerable to cold. (rC-)
You float through the air rather than walking.
You learn spells naturally, not from books.
Your magical power is your life essence.
You have superior vitality. (+4 MHP)


Message History

Aim: a yak (lightly wounded, chance to affect: 99%)
You feel a surge of power!
The yak is filled with an inner flame.
The large abomination hits you!!
The yak gores you but does no damage. x2
You feel a surge of power!
You conjure some foxfire!
The water moccasin hisses angrily.
The large abomination hits you!! The yak misses you.
The yak closely misses you. The yak attacks as you move away!
The yak gores you but does no damage.
The foxfire hits the large abomination.
Flame seeps out of the large abomination.
The large abomination is heavily damaged.
The foxfire hits the large abomination but does no damage.
The large abomination is heavily damaged.
The large abomination is engulfed in blazing flames.
Flame seeps out of the large abomination.
You are too injured to fight recklessly!
You are too injured to fight recklessly!
Casting: Foxfire (safe; 1% risk of failure)
Press: ? - help, Q - select action, (/) - cycle Dir - look around, f - activate You feel a surge of power!
You conjure some foxfire!
The large abomination hits you!!
* * * LOW HITPOINT WARNING * * *
The yak gores you.
* * * LOW HITPOINT WARNING * * *
The yak gores you.
* * * LOW HITPOINT WARNING * * *
You feel yourself speed up.
The foxfire hits the yak.
Makhleb accepts your kill.
The yak explodes!
The fiery explosion engulfs you! You resist.
* * * LOW HITPOINT WARNING * * *
The fiery explosion engulfs the yak!
Flame seeps out of the yak.
The yak is heavily wounded.
The fiery explosion engulfs the large abomination!
Makhleb accepts your kill.
The large abomination explodes!
The fiery explosion engulfs the yak!!!
Makhleb accepts your kill. The fiery explosion engulfs you. You resist.
You die...

........##..............♣ *,,,
...P....................♣ *,,,
....#....P..............♣ *,*,
.P.##.....P.............♣ **,**
...###.###..............♣♣ *,,**
..P..#...#...............♣♣ *,***
..........................♣**,**,
..............§§§v........♣*,,,,,
............S.§§@.........♣*,,,,,
..............§§§§........♣*,,***
........##.....°§§........♣****
...#####,##...§☼..........♣ **
..####.,*#......○☼........♣♣ *,
...PP..,,#...☼☼§!§.........♣ *,
........,##.....°..........♣ ***,
........P##................♣**,,,
...P..Y.##...............♣♣♣*,,,,


You could see a water moccasin.

Vanquished Creatures
  4 hydras
  Erica (D:9)
  A two-headed ogre (D:8)
  Urug (Lair:1)
  Pikel (D:7)
  2 lindwurms (Volcano)
  4 black mambas
  Maurice (D:9)
  Joseph (D:8)
  Maggie (D:7)
  2 molten gargoyles (Volcano)
  2 cane toads
  12 komodo dragons
  A rime drake (Lair:1)
  3 efreet (Volcano)
  3 polar bears
  A troll (D:9)
  Prince Ribbit (D:7)
  11 blink frogs
  Grinder (D:6)
  3 hornets
  A slime creature (Lair:5)
  4 dream sheep (Lair:6)
  2 jumping spiders (Lair:4)
  2 culicivoras (Lair:4)
  5 wyverns
  A large abomination (Lair:6)
  Grum (Lair:1)
  3 basilisks
  3 redbacks (Lair:4)
  47 yaks
  5 fire elementals (Volcano)
  3 vampire mosquitoes (D:9)
  Menkaure (D:7)
  14 water moccasins
  A small abomination (Lair:6)
  3 ice beasts
  7 black bears
  3 orc warriors
  19 wolves
  2 centaurs
  An ogre (D:5)
  A lemure (D:7)
  4 kobold brigands
  9 bullfrogs
  A necrophage (D:5)
  4 earth elementals (Volcano)
  3 scorpions
  3 water moccasin zombies (D:5)
  5 wights
  3 electric eels (Lair:3)
  2 howler monkeys
  A centaur zombie (D:5)
  A bullfrog zombie (D:5)
  A human zombie (D:5)
  8 orc priests
  A gnoll shaman (D:4)
  5 hounds
  An iguana (D:4)
  4 jellies
  A scorpion zombie (D:5)
  7 orc wizards
  A killer bee zombie (D:5)
  3 gnolls (D:4)
  6 adders
  An adder zombie (D:5)
  3 worms
  4 dart slugs
  34 orcs
  6 ball pythons
  8 bats
  6 endoplasms
  A giant cockroach (D:4)
  6 goblins
  7 hobgoblins
  25 kobolds
  4 quokkas
  4 frilled lizards
  5 rats
  2 bushes (Lair:1)
376 creatures vanquished.

Vanquished Creatures (collateral kills)
  7 foxfires
7 creatures vanquished.

Vanquished Creatures (others)
  2 bushes (Lair:6)
  A fire vortex (Volcano)
  740 foxfires
  52 fungi
  72 plants
867 creatures vanquished.

Grand Total: 1250 creatures vanquished

Notes
Turn   | Place    | Note
-------+----------+-------------------------------------------
     0 | D:1      | jimonade the Djinni Fire Elementalist began the quest for
                  | the Orb.
     0 | D:1      | Reached XP level 1. HP: 15/15 MP: 0/0
   195 | D:1      | Found Diurum's Weapon Boutique.
   199 | D:1      | Reached XP level 2. HP: 19/22 MP: 0/0
   446 | D:1      | Reached skill level 3 in Spellcasting
   578 | D:1      | Reached XP level 3. HP: 25/26 MP: 0/0
   578 | D:1      | Learned a level 1 spell: Summon Small Mammal
   656 | D:1      | Reached skill level 1 in Fighting
  1064 | D:1      | Found Tiulugoch's Antique Weapon Shoppe.
  1707 | D:2      | Reached XP level 4. HP: 27/32 MP: 0/0
  1960 | D:3      | Found a large runed translucent door.
  1960 | D:3      | Found a large runed translucent door.
  2351 | D:3      | Found a broken altar of Ashenzari.
  2354 | D:3      | Found a white marble altar of Elyvilon.
  2671 | D:4      | Reached XP level 5. HP: 28/38 MP: 0/0
  2671 | D:4      | Learned a level 2 spell: Wereblood
  2944 | D:4      | Reached skill level 4 in Spellcasting
  3276 | D:4      | Reached XP level 6. HP: 29/43 MP: 0/0
  3940 | D:5      | Entered Level 5 of the Dungeon
  3971 | D:5      | Found a runed translucent door.
  3971 | D:5      | Noticed DocClef's ghost (amateur GnDe)
  3997 | D:5      | Reached skill level 5 in Spellcasting
  3997 | D:5      | Reached XP level 7. HP: 29/49 MP: 0/0
  3997 | D:5      | Learned a level 3 spell: Lesser Beckoning
  5047 | D:5      | Reached skill level 6 in Spellcasting
  5047 | D:5      | Reached XP level 8. HP: 40/56 MP: 0/0
  5262 | D:5      | Reached skill level 1 in Armour
  6577 | D:5      | Reached skill level 7 in Spellcasting
  7257 | D:6      | Reached XP level 9. HP: 42/63 MP: 0/0
  7257 | D:6      | Learned a level 4 spell: Dispel Undead
  7506 | D:6      | Noticed a hornet
  7511 | D:6      | Killed a hornet
  7512 | D:6      | Reached skill level 5 in Fighting
  8071 | D:6      | Noticed Grinder
  8082 | D:6      | Killed Grinder
  8083 | D:6      | Reached skill level 8 in Spellcasting
  8882 | D:7      | Noticed Prince Ribbit
  8889 | D:7      | Killed Prince Ribbit
  9000 | D:7      | Noticed Menkaure
  9005 | D:7      | HP: 1/66 [cloud of flame (5)]
  9006 | D:7      | Reached XP level 10. HP: 2/72 MP: 0/0
  9017 | D:7      | Found a staircase to the Ecumenical Temple.
  9359 | Temple   | Entered the Ecumenical Temple
  9532 | Temple   | Became a worshipper of Makhleb the Destroyer
  9665 | D:7      | Noticed Maggie
  9674 | D:7      | Killed Maggie
  9990 | D:7      | Killed Menkaure
  9991 | D:7      | Reached skill level 9 in Spellcasting
 10071 | D:7      | Noticed Pikel
 10076 | D:7      | Killed Pikel
 10302 | D:7      | Identified the amulet "Kuazeaf" {Spirit Harm rC- Will++
                  | Stlth+}
 10408 | D:8      | Noticed Joseph
 10417 | D:8      | Killed Joseph
 10583 | D:8      | Reached skill level 5 in Armour
 10986 | D:8      | Noticed a two-headed ogre
 10988 | D:8      | Killed a two-headed ogre
 10989 | D:8      | Reached skill level 10 in Spellcasting
 11298 | D:8      | Reached XP level 11. HP: 73/79 MP: 0/0
 11298 | D:8      | Learned a level 4 spell: Animate Armour
 11522 | D:8      | Found a staircase to the Lair.
 11862 | D:8      | Identified a scroll of acquirement
 11862 | D:8      | Acquired an amulet of reflection
 11930 | D:9      | Reached * piety under Makhleb
 12247 | D:9      | Noticed Erica
 12247 | D:9      | Noticed Maurice
 12254 | D:9      | Killed Erica
 12268 | D:9      | Killed Maurice
 12505 | D:9      | Reached skill level 11 in Spellcasting
 13067 | Lair:1   | Entered Level 1 of the Lair of Beasts
 13656 | Lair:1   | Noticed Urug
 13884 | Lair:1   | Killed Urug
 14147 | Lair:1   | Reached XP level 12. HP: 77/88 MP: 0/0
 14500 | Lair:1   | Reached skill level 12 in Spellcasting
 14530 | Lair:1   | Noticed Grum
 14537 | Lair:1   | Killed Grum
 15243 | Lair:2   | Reached ** piety under Makhleb
 17514 | Lair:3   | Noticed a five-headed hydra
 17523 | Lair:3   | Killed a five-headed hydra
 17760 | Lair:3   | Reached skill level 13 in Spellcasting
 17760 | Lair:3   | Reached XP level 13. HP: 79/95 MP: 0/0
 17760 | Lair:3   | Learned a level 5 spell: Iskenderun's Battlesphere
 18332 | Lair:3   | Reached *** piety under Makhleb
 18652 | Lair:3   | Found a staircase to the Shoals.
 18681 | Lair:3   | Found a transporter.
 18691 | Lair:3   | Noticed Zazuam's ghost (journeyman DsMo)
 18706 | Lair:3   | Found a transporter.
 18889 | Lair:3   | Noticed a six-headed hydra
 19079 | Lair:4   | Identified the +5 ring mail "Ecuak" {rElec rF+}
 19306 | Lair:4   | Reached skill level 10 in Fighting
 19436 | Lair:4   | Found a hole to the Spider Nest.
 19532 | Lair:4   | Noticed a five-headed hydra
 19541 | Lair:4   | Killed a five-headed hydra
 20049 | Lair:4   | Reached skill level 14 in Spellcasting
 20550 | Lair:5   | Reached **** piety under Makhleb
 20589 | Lair:5   | Noticed a six-headed hydra
 20599 | Lair:5   | Killed a six-headed hydra
 20661 | Lair:5   | Noticed a four-headed hydra
 20668 | Lair:5   | Killed a four-headed hydra
 21080 | Lair:5   | Found a staircase to the Slime Pits.
 21382 | Lair:6   | Entered Level 6 of the Lair of Beasts
 21396 | Lair:6   | Found a dark tunnel.
 21405 | Volcano  | Entered a volcano
 22170 | Volcano  | Reached XP level 14. HP: 75/103 MP: 0/0
 22503 | Volcano  | Identified the +3 barding of Razudoyj {Harm}
 23055 | Lair:6   | HP: 2/103 [spore (8)]
 23055 | Lair:6   | Killed by an exploding large abomination... ignited by
                  | their inner flame

Illustrated notes

Levels and vault maps discovered:
D:1:      matt_arrival_refuge, layout_rooms, serial_shops,
          nicolae_shop_bloodbath_and_beyond, shop
D:2:      layout_basic, minmay_misc_feat_tiny
D:3:      layout_loops_ring, minitemple, jmf_multi_god_temple2
D:4:      layout_rooms
D:5:      nicolae_cairo_tiling, layout_loops_ring,
          lemuel_mausoleum_altar_kikubaaqudgha, gammafunk_ghost_grave,
          lemuel_flamethrower_2
D:6:      layout_loops_ring, chequers_ossuary_entry_cave, uniq_grinder
D:7:      layout_basic, minmay_temple_entry_junction, item_on_display_a,
          uniq_maggie, uniq_menkaure, uniq_prince_ribbit1, uniq_pikel
D:8:      layout_basic, lair_entry_dummy, kennysheep_decorative_pillar,
          grunt_ministairs_12, grunt_decor_mini_mirrors, uniq_joseph
D:9:      layout_roguey, uniq_erica, uniq_maurice
Temple:   eino_temple_scatter_basement
Lair:1:   layout_gridlike, serial_forest, infiniplex_forest_straight_4,
          infiniplex_forest_straight_2, infiniplex_forest_lined_3,
          infiniplex_forest_clump_curved, infiniplex_forest_clump_small,
          infiniplex_forest_fountain, infiniplex_forest_lined_ring,
          infiniplex_forest_straight_4, infiniplex_forest_lined_corner,
          lemuel_fruit_tree, uniq_urug, uniq_grum
Lair:2:   layout_layer_cave, gauntlet_entry_generic, beast_lair_carwin_4,
          infiniplex_staircase_pool, grunt_megastairs_4
Lair:3:   layout_regular_city, shoals_dummy_entry,
          gammafunk_ghost_berserking_beasts, beast_lair_carwin_2,
          serial_bayou_shore_a
Lair:4:   layout_hall_layers, nicolae_spider_entry_tight_spaces, basic_altar
Lair:5:   layout_roguey, minmay_slime_entry_pillars, grunt_megastairs_1
Lair:6:   hellmonk_lair_end_abyssal_woods, layout_regular_city,
          nicolae_volcano_entry_lava_flow, serial_bayou_shore_b,
          serial_bayou_shore_b

Skill      XL: |  1  2  3  4  5  6  7  8  9 10 11 12 13 14 |
---------------+-------------------------------------------+-----
Spellcasting   | 3 4 5 6 7 8 10 11 13 14 | 14.8
Fighting       | 1 2 3 4 5 7 8 9 10 | 10.8
Armour         | 2 4 5 6 7 |  7.8
Dodging        | 3 4 |  4.1
Stealth        | |  1.5
Shields        | |  0.6

Action                   |  1- 3 |  4- 6 |  7- 9 | 10-12 | 13-15 || total
-------------------------+-------+-------+-------+-------+-------++-------
Melee: Glaive            |       |       |     2 |     5 |       ||     7
 Cast: Foxfire           |    49 |    53 |    22 |   121 |   217 ||   462
       Scorch            |     7 |    33 |    99 |    80 |    54 ||   273
       Inner Flame       |       |     4 |    20 |   110 |    84 ||   218
       Summon Small Mamm |       |     3 |       |       |       ||     3
       Conjure Flame     |       |       |     4 |     4 |       ||     8
       Dispel Undead     |       |       |       |     1 |       ||     1
       Flame Wave        |       |       |       |     4 |       ||     4
       Iskenderun's Batt |       |       |       |       |    13 ||    13
  Use: Scroll            |       |    12 |     1 |    13 |     5 ||    31
       Potion            |       |       |       |       |     3 ||     3
Armor: Robe              |     3 |     3 |       |       |       ||     6
       Ring mail         |       |       |    12 |    18 |    44 ||    74
       Swamp dragon scal |       |       |       |    13 |       ||    13
Dodge: Dodged            |     9 |     5 |    30 |   117 |    97 ||   258
Block: Other             |       |       |       |    12 |       ||    12

Table legend: (Time is in decaauts)
 A = Elapsed time spent in this place.
 B = Non-inter-level travel time spent in this place.
 C = Inter-level travel time spent in this place.
 D = Time resting spent in this place.
 E = Time spent auto-exploring this place.
 F = Levels seen in this place.
 G = Mean time per level.
                   A        B        C        D        E       F      G
               +--------+--------+--------+--------+--------+-----+--------+
         Total |  23068 |  22413 |    655 |   3429 |  14129 |  17 | 1356.9 |
       Dungeon |  13250 |  12805 |    445 |   2178 |   8156 |   9 | 1472.2 |
        Temple |    186 |    151 |     35 |      0 |    135 |   1 |  186.0 |
          Lair |   8531 |   8357 |    174 |    636 |   5754 |   6 | 1421.8 |
       Volcano |   1100 |   1100 |      0 |    615 |     84 |   1 | 1100.0 |
               +--------+--------+--------+--------+--------+-----+--------+

Top non-repeatable levels by time:
     D:5: 3276 daAuts
  Lair:1: 2451 daAuts
     D:6: 1899 daAuts
  Lair:2: 1738 daAuts
     D:7: 1640 daAuts
  Lair:3: 1481 daAuts
     D:8: 1379 daAuts
  Lair:4: 1260 daAuts
     D:1: 1164 daAuts
     D:9: 1113 daAuts
 Volcano: 1100 daAuts
     D:3: 1097 daAuts
  Lair:5: 1048 daAuts
     D:4: 991 daAuts
     D:2: 686 daAuts
